 Dungeon Crawl Stone Soup version 0.28-a0-1032-ga8db75c868 (webtiles) character file.

Game seed: 13404088743001594354

409 GregHouse the Chopper (level 6, -2/53 HPs)
             Began as a Hill Orc Monk on Dec 7, 2021.
             Was a Believer of Beogh.
             Splashed by a jelly's acid (4 damage)
             ... on level 4 of the Dungeon.
             The game lasted 00:12:58 (5256 turns).

GregHouse the Chopper (Hill Orc Monk)               Turns: 5256, Time: 00:12:58

Health: -2/53      AC: -1    Str: 16    XL:     6   Next: 89%
Magic:  6/6        EV:  3    Int: 10    God:    Beogh [**....]
Gold:   100        SH: 11    Dex: 13    Spells: 5/5 levels left

rFire   + . .      SeeInvis .   a - +0 hand axe
rCold   + . .      Faith    .   l - +0 tower shield
rNeg    . . .      Spirit   .   j - +0 chain mail
rPois   +          Reflect  .   i - +0 helmet
rElec   +          Harm     .   (no cloak)
rCorr   +          Rampage  .   (no gloves)
Will    .....                   (no boots)
Stlth   ..........              (no amulet)
HPRegen 0.17/turn               (no ring)
MPRegen 0.10/turn               (no ring)

@: resistant, corroded
A: no striking features
a: Renounce Religion, Smiting


You were on level 4 of the Dungeon.
You worshipped Beogh.
Beogh was pleased with you.
You visited 1 branch of the dungeon, and saw 5 of its levels.

You collected 203 gold pieces.
You spent 103 gold pieces at shops.

Inventory:

Hand Weapons
 a - a +0 hand axe (weapon)
Missiles
 c - 170 stones (quivered)
Armour
 i - a +0 helmet (worn)
 j - a +0 chain mail (worn)
 l - a +0 tower shield (worn)
Scrolls
 d - a scroll of teleportation {unknown}
 g - 2 scrolls of fear
Potions
 e - a potion of attraction {unknown}
 f - a potion of flight {unknown}
 h - a potion of curing
 n - a potion of brilliance {unknown}


   Skills:
 + Level 4.7 Fighting
 + Level 6.5 Axes
 + Level 3.2 Armour
 + Level 3.3 Dodging
 + Level 1.9 Stealth
 + Level 2.1 Shields


You had 5 spell levels left.
You didn't know any spells.
Your spell library contained the following spells:

 Spells                   Type           Power      Damage    Failure   Level
 Slow                     Hex            0%         N/A       100%        1
 Corpse Rot               Necr/Air       0%         N/A       100%        2
 Confusing Touch          Hex            0%         N/A       100%        3
 Dazzling Flash           Conj/Hex       0%         N/A       100%        3
 Dispel Undead            Necr           0%         3d6       100%        4
 Iskenderun's Mystic Bla  Conj/Tloc      0%         2d3       100%        4
 Yara's Violent Unravell  Hex/Tmut       0%         3d3       100%        5
 Death Channel            Necr           0%         N/A       100%        6
 Starburst                Conj/Fire      0%         6d3       100%        6


Dungeon Overview and Level Annotations

Branches:
Dungeon (5/15)             Temple (0/1) D:4

Altars:
Qazlal

Shops:
D:1 *[


Message History

g - 2 scrolls of fear (gained 1)
Things that are here:
a +0 shortbow; 19 arrows
Found a purple potion.
e - a purple potion
Found a stone staircase leading down.
Found a hand axe.
You see here a +0 hand axe.
There is a stone staircase leading down here.
You climb downwards.
There is a stone staircase leading up here.
You climb upwards.
There is a stone staircase leading down here.
You now have 100 gold pieces (gained 7).
The jelly quivers.
You see here 9 gold pieces.
You hit the jelly. The acid corrodes you!
Your hands burn!
The jelly is moderately wounded.
The jelly hits you but does no damage.
You hit the jelly.
Your hands burn!
The jelly is heavily wounded.
You block the jelly's attack. The jelly hits you.
You are splashed with acid!
You hit the jelly but do no damage.
Your hands burn!
The jelly is heavily wounded.
The jelly hits you. The acid corrodes you!
You are splashed with acid.
You slash the jelly!
Your hands burn!
The jelly is almost dead.
The jelly hits you.
You are splashed with acid!
* * * LOW HITPOINT WARNING * * *
The jelly hits you.
* * * LOW HITPOINT WARNING * * *
The acid corrodes you!
You are splashed with acid!
* * * LOW HITPOINT WARNING * * *
Okay, then.
It was a potion of resistance.
You feel protected. The jelly hits you.
* * * LOW HITPOINT WARNING * * *
You are splashed with acid.
You resist.
You die...

..............<....#...#........#
.........#................##.#.#*
#########..............#.###.#.#
#.............#.#.###.#.*
##..............#.......##
##.......................
#.........#...>........)#
#..............).........
#...$..J@..........##..##
#...........#..........*#
########.######..............,#
#......#.######.#......###...,.
#...............#.......##..#,.
#.......#########.......##...,.
#......## *.# #..........#**#
#.......###.######.#..#..#.# *
#.........#........#..#....# *


You could see a jelly.

Vanquished Creatures
  A centaur (D:4)
  2 scorpions
  A centaur skeleton (D:4)
  An orc wizard (D:3)
  A hound zombie (D:4)
  Robin (D:1)
  3 gnolls (D:3)
  3 adders (D:2)
  An ufetubus (D:4)
  A dart slug (D:1)
  2 orcs (D:3)
  8 ball pythons
  3 endoplasms
  15 goblins
  9 hobgoblins
  2 jackals (D:1)
  2 quokkas (D:1)
  7 bats
  5 frilled lizards
  12 kobolds
  A rat (D:2)
81 creatures vanquished.

Vanquished Creatures (others)
  An orc wizard (D:3)
  An adder (D:3)
  2 giant cockroaches (D:3)
  A goblin (D:3)
  A kobold (D:3)
  2 quokkas (D:3)
  A ball python (D:3)
9 creatures vanquished.

Grand Total: 90 creatures vanquished

Notes
Turn   | Place    | Note
-------+----------+-------------------------------------------
     0 | D:1      | GregHouse the Hill Orc Monk began the quest for the Orb.
     0 | D:1      | Reached XP level 1. HP: 19/19 MP: 1/1
    40 | D:1      | Found a faded altar of an unknown god.
   199 | D:1      | Reached XP level 2. HP: 20/27 MP: 2/2
   440 | D:1      | Found Suew's Antique Armour Shop.
   824 | D:1      | Reached XP level 3. HP: 33/33 MP: 3/3
  1094 | D:1      | Found Dicvuo Mydoz's Assorted Antiques.
  1331 | D:2      | Noticed Robin
  1354 | D:1      | Reached skill level 1 in Armour
  1583 | D:1      | Killed Robin
  1971 | D:2      | Reached XP level 4. HP: 40/40 MP: 4/4
  2145 | D:2      | Found a stormy altar of Qazlal.
  2638 | D:2      | Reached skill level 5 in Axes
  3183 | D:1      | Bought a tower shield for 103 gold pieces
  3274 | D:3      | Became a worshipper of Beogh the Brigand
  3274 | D:3      | Reached * piety under Beogh
  3274 | D:3      | Reached ** piety under Beogh
  3317 | D:3      | Reached XP level 5. HP: 16/47 MP: 5/5
  3749 | D:4      | Reached skill level 1 in Shields
  3796 | D:3      | Reached skill level 6 in Axes
  3796 | D:3      | Reached XP level 6. HP: 48/53 MP: 6/6
  4430 | D:5      | Entered Level 5 of the Dungeon
  4969 | D:4      | Found a staircase to the Ecumenical Temple.
  5256 | D:4      | HP: 2/53 [jelly (1)]
  5256 | D:4      | Splashed by a jelly's acid

Illustrated notes

Levels and vault maps discovered:
D:1:      lemuel_arrival_hallway, layout_loops_corners, serial_shops, shop,
          shop, chequers_ecumenical_altar_simple_redux, minmay_vboxes
D:2:      layout_basic, basic_altar, corexii_corridor_pit, st_stairs_11,
          uniq_robin
D:3:      layout_basic
D:4:      layout_rooms, minmay_temple_entry_wispy
D:5:      layout_gridville, xom_teletrap_fun, grunt_temple_overflow_open,
          uniq_ijyb

Skill      XL: |  1  2  3  4  5  6 |
---------------+-------------------+-----
Armour         | 1 2 3 |  3.2
Fighting       | 4 |  4.7
Dodging        | 3 |  3.3
Axes           | 5 6 |  6.5
Shields        | 1 2 |  2.1
Stealth        | |  1.9

Action                   |  1- 3 |  4- 6 || total
-------------------------+-------+-------++-------
Melee: Hand axe          |   133 |   246 ||   379
Invok: Convert to Beogh  |       |     1 ||     1
  Use: Scroll            |       |     6 ||     6
       Potion            |       |     2 ||     2
 Stab: Sleeping          |     2 |       ||     2
Armor: Robe              |     6 |       ||     6
       Leather armour    |    39 |    22 ||    61
       Chain mail        |       |   174 ||   174
Dodge: Dodged            |    90 |    91 ||   181
Block: Tower shield      |       |   124 ||   124

Table legend: (Time is in decaauts)
 A = Elapsed time spent in this place.
 B = Non-inter-level travel time spent in this place.
 C = Inter-level travel time spent in this place.
 D = Time resting spent in this place.
 E = Time spent auto-exploring this place.
 F = Levels seen in this place.
 G = Mean time per level.
                   A        B        C        D        E       F      G
               +--------+--------+--------+--------+--------+-----+--------+
         Total |   5358 |   5202 |    156 |   1362 |   2426 |   5 | 1071.6 |
       Dungeon |   5358 |   5202 |    156 |   1362 |   2426 |   5 | 1071.6 |
               +--------+--------+--------+--------+--------+-----+--------+

Top non-repeatable levels by time:
     D:1: 1936 daAuts
     D:2: 1319 daAuts
     D:3: 1204 daAuts
     D:4: 891 daAuts
     D:5: 6 daAuts
